Map: Abyssal Reef LE

Players

Demaxo - Winner!

  • Race: Terran Terran
  • League: Master
  • Spawn Location: 5:00

Railgan

  • Race: Terran Terran
  • League: Grandmaster
  • Spawn Location: 11:00

VOD

Have the link to the VOD?

Description

Time

  • Played on: March 4, 2017, 1:21 p.m.
  • Length: 20:39
Show
View Real Time Build Order
Export as new Build Order

Demaxo Terran - Winner!

Build Orders: Reaper Expand, Bio Tank 

Get SALT Encoding   

  12  0:00  SCV  
  13  0:12  SCV  
  14  0:17  Supply Depot  
  14  0:24  SCV  
  15  0:38  SCV  
  15  0:39  Barracks  
  16  0:44  Refinery  
  16  0:50  SCV  
  17  1:02  SCV  
  18  1:15  SCV  
  19  1:27  Reaper, Orbital Command  
  20  1:40  Command Center  
  20  1:52  Barracks  
  20  1:55  SCV  
  20  2:00  Barracks Tech Lab  
  21  2:05  Supply Depot  
  21  2:08  SCV  
  22  2:13  Refinery  
  22  2:21  SCV  
  23  2:27  Marauder  
  25  2:31  Bunker  
  25  2:33  SCV  
  26  2:40  Barracks Reactor  
  26  2:42  Stimpack  
  26  2:45  SCV  
  26  2:48  Marine  
  28  2:55  Orbital Command  
  28  2:58  SCV  
  28  3:06  Marine  
  28  3:09  Factory  
  29  3:16  SCV  
  29  3:18  Marine x2  
  32  3:22  SCV  
  32  3:24  Marine  
  34  3:29  SCV  
  34  3:33  Supply Depot  
  35  3:36  Marine x2  
  35  3:37  SCV  
  35  3:41  SCV  
  36  3:49  SCV  
  36  3:50  Marine  
  36  3:53  SCV  
  36  3:54  Marine  
  40  3:56  Supply Depot  
  40  4:01  SCV  
  41  4:05  SCV  
  41  4:07  Starport  
  41  4:08  Factory Reactor  
  42  4:10  Marine x2  
  42  4:11  Marine  
  42  4:13  SCV  
  46  4:17  SCV  
  47  4:25  SCV  
  47  4:26  Supply Depot  
  47  4:29  SCV  
  49  4:33  Marine x3  
  49  4:36  Supply Depot  
  49  4:38  SCV  
  52  4:40  Engineering Bay  
  51  4:48  SCV  
  51  4:50  Combat Shields  
  51  4:51  Marine x2, Medivac x2  
  58  4:53  Marine  
  58  4:55  Factory Tech Lab  
  58  4:58  SCV  
  57  5:02  Supply Depot  
  50  5:09  SCV  
  50  5:10  Marine x2  
  50  5:11  Marine  
  51  5:14  Siege Tank  
  51  5:17  SCV  
  51  5:19  Refinery  
  51  5:20  Supply Depot, Refinery  
  51  5:21  SCV  
  56  5:23  Missile Turret  
  56  5:25  Terran Infantry Armor Level 1  
  56  5:28  Marine  
  56  5:30  Marine, Viking  
  56  5:33  SCV  
  61  5:40  Marine  
  62  5:43  SCV  
  62  5:45  SCV  
  62  5:46  Marine  
  62  5:48  Marine  
  66  5:52  Supply Depot  
  66  5:55  SCV  
  67  5:57  Siege Tank, SCV  
  67  5:58  Marine  
  67  6:04  Marine  
  72  6:07  Marine, SCV  
  75  6:16  Marine, Supply Depot  
  76  6:21  Marine, Command Center  
  76  6:25  Marine  
  73  6:34  Marine  
  73  6:35  Siege Tank  
  73  6:36  Viking, SCV  
  73  6:37  Viking  
  73  6:39  Marine, SCV  
  82  6:52  Marauder  
  82  6:53  SCV  
  82  6:54  Marine, SCV  
  87  7:02  Armory  
  87  7:04  Engineering Bay, Supply Depot  
  87  7:05  SCV  
  87  7:06  SCV  
  89  7:08  Marine  
  89  7:13  Marauder  
  91  7:16  Siege Tank  
  91  7:18  SCV x2  
  90  7:27  Supply Depot  
  88  7:30  SCV x2  
  90  7:38  Medivac x2  
  90  7:39  Marine x3, Supply Depot  
  97  7:51  Supply Depot, SCV  
  97  7:55  SCV  
  97  7:57  Marine x3  
  102  8:02  Supply Depot, Orbital Command  
  102  8:03  SCV  
  103  8:07  Bunker  
  103  8:08  SCV  
  103  8:10  Refinery  
  104  8:13  Supply Depot  
  104  8:14  Marine x2, Viking x2  
  104  8:15  Marauder, SCV  
  104  8:17  Siege Tank  
  116  8:22  Terran Infantry Armor Level 2  
  116  8:24  Terran Infantry Weapons Level 1  
  116  8:28  Supply Depot  
  116  8:32  Marine x2  
  118  8:49  Marauder  
  118  8:50  Marine x2  
  118  8:55  Viking x2  
  117  9:08  Marine x2  
  111  9:10  Marine  
  111  9:16  Siege Tank  
  106  9:25  Viking x2  
  106  9:26  Marine x2  
  106  9:29  Marauder  
  111  9:41  SCV  
  111  9:42  SCV  
  111  9:43  Marine  
  111  9:44  Marine  
  116  9:48  Siege Tank  
  116  9:49  Marine  
  114  9:55  Viking x2  
  116  10:00  SCV  
  116  10:03  Command Center  
  116  10:05  Marine x2  
  119  10:07  Marine  
  120  10:17  Command Center  
  120  10:22  Marine  
  120  10:23  Marine, Barracks  
  120  10:24  Siege Tank, Command Center  
  120  10:25  Medivac x2, Barracks  
  120  10:26  Barracks, Marauder  
  127  10:40  Marine  
  97  10:53  Marine x2  
  97  10:55  Viking x2  
  103  10:58  Marine, SCV x2  
  106  11:10  SCV  
  107  11:11  Marine x2  
  107  11:16  Marine  
  110  11:25  Viking x2  
  107  11:29  Marine  
  107  11:30  Marauder  
  104  11:34  Marine  
  99  11:47  Marine  
  99  11:51  Marine, Marauder  
  103  11:54  Viking  
  103  11:55  Viking  
  107  12:02  Barracks Reactor  
  107  12:03  Barracks Reactor x2  
  107  12:05  Marine, Planetary Fortress  
  107  12:07  Planetary Fortress  
  108  12:09  Marine, SCV  
  108  12:10  Orbital Command  
  108  12:12  Marauder  
  108  12:22  Marine  
  108  12:24  Viking  
  108  12:25  Viking  
  108  12:27  Marine  
  108  12:29  Siege Tank  
  117  12:33  Marine, Terran Infantry Weapons Level 2  
  115  12:37  Barracks  
  115  12:38  Barracks  
  115  12:40  Marine, SCV x2  
  115  12:41  Barracks  
  115  12:43  SCV  
  116  12:45  Marine  
  116  12:47  Missile Turret  
  116  12:50  Missile Turret  
  111  12:51  Marine  
  111  12:54  Viking  
  111  12:55  Viking  
  111  12:57  Sensor Tower  
  110  12:58  Starport  
  110  13:00  Starport  
  110  13:02  Refinery  
  110  13:03  Refinery x3  
  110  13:05  SCV x3  
  112  13:08  Marine x4  
  112  13:09  Missile Turret, Marine x5  
  112  13:11  Missile Turret  
  112  13:12  Siege Tank  
  125  13:13  SCV x2  
  125  13:17  SCV x2  
  129  13:26  Marine x4  
  129  13:27  Marine  
  133  13:28  Marine  
  133  13:29  Missile Turret  
  133  13:30  Marine x2, Refinery x2  
  133  13:31  SCV  
  133  13:32  SCV  
  133  13:33  Marine  
  140  13:37  Medivac  
  140  13:38  Medivac  
  144  13:44  Marine x4, Siege Tank  
  151  13:49  Missile Turret  
  137  13:58  Marine  
  137  13:59  Marine x4  
  134  14:06  Starport Tech Lab x2  
  134  14:07  Viking  
  134  14:08  Viking  
  138  14:11  Fusion Core  
  138  14:12  Starport  
  138  14:16  Siege Tank, Terran Vehicle And Ship Armor Level 1  
  141  14:21  Armory  
  141  14:22  SCV  
  142  14:38  Refinery, Command Center  
  142  14:40  Refinery  
  140  14:48  Siege Tank  
  131  14:53  Starport Tech Lab  
  131  14:55  Viking x3  
  128  15:11  Viking  
  128  15:13  Battlecruiser  
  125  15:18  Weapon Refit  
  125  15:20  Siege Tank  
  122  15:22  Terran Ship Weapons Level 1  
  122  15:25  Viking  
  107  15:37  Battlecruiser  
  107  15:45  SCV x2  
  107  15:48  SCV  
  107  15:53  Siege Tank, Planetary Fortress  
  110  16:04  Battlecruiser, Viking  
  110  16:05  Viking  
  110  16:10  Marine, Marauder  
  110  16:11  Marine x7  
  125  16:15  Barracks Tech Lab x2  
  125  16:16  Barracks Reactor  
  130  16:22  Terran Vehicle And Ship Armor Level 2  
  130  16:25  Siege Tank  
  133  16:28  Marine  
  133  16:30  Marine x4  
  138  16:40  Command Center  
  138  16:47  Marine x3  
  138  16:48  Marine x2  
  138  16:50  Battlecruiser x2  
  138  16:53  Viking x2  
  159  16:57  Siege Tank  
  161  17:14  Battlecruiser  
  167  17:17  Terran Ship Weapons Level 2  
  167  17:23  Viking x2  
  171  17:31  Siege Tank  
  174  17:49  Command Center  
  170  17:53  Viking x2  
  170  17:55  Battlecruiser  
  162  18:03  Siege Tank  
  154  18:26  Marine  
  154  18:27  Marine x2, Marauder x3  
  156  18:38  Battlecruiser x2, Viking  
  156  18:39  Viking  
  168  18:48  Marauder  
  170  18:53  Orbital Command  
  170  19:00  Command Center  
  170  19:01  Orbital Command  
  170  19:05  Viking  
  166  19:17  Siege Tank  
  163  19:24  Viking x2  
  185  19:49  Siege Tank  
  184  20:08  SCV  
  184  20:09  SCV x2  
Show
View Real Time Build Order
Export as new Build Order

Railgan Terran 

Build Orders: Cyclone Opening, Mech 

Get SALT Encoding   

  12  0:01  SCV  
  13  0:13  SCV  
  14  0:18  Supply Depot  
  14  0:25  SCV  
  15  0:40  SCV  
  15  0:41  Barracks  
  16  0:52  SCV  
  16  0:56  Refinery  
  17  0:57  Refinery  
  17  1:04  SCV  
  18  1:16  SCV  
  19  1:28  Orbital Command  
  19  1:31  Reaper  
  20  1:33  Supply Depot  
  20  1:54  SCV  
  20  2:00  Factory  
  21  2:03  Reaper  
  21  2:06  SCV  
  23  2:18  SCV  
  24  2:35  Marine, SCV  
  24  2:37  Command Center  
  26  2:44  Supply Depot  
  26  2:45  Cyclone  
  29  2:52  Starport  
  29  2:59  SCV  
  30  3:11  SCV  
  31  3:13  Liberator  
  31  3:20  Cyclone  
  31  3:23  SCV  
  38  3:36  SCV  
  39  3:42  Supply Depot  
  40  3:48  SCV  
  40  3:50  Orbital Command  
  40  4:04  Hellion  
  40  4:05  Factory x2  
  40  4:07  SCV  
  42  4:26  Starport Reactor  
  42  4:27  Factory Tech Lab  
  42  4:28  SCV  
  42  4:31  Orbital Command  
  43  4:34  Command Center  
  43  4:40  SCV  
  43  4:45  Engineering Bay  
  44  4:47  Siege Tank  
  44  4:52  SCV  
  48  4:58  Liberator  
  45  5:12  SCV  
  45  5:13  SCV  
  43  5:19  Factory Reactor  
  46  5:24  SCV  
  46  5:25  SCV  
  46  5:26  Factory Reactor  
  48  5:31  Missile Turret  
  48  5:34  Missile Turret  
  48  5:35  Hellion  
  50  5:37  SCV x2  
  52  5:48  Missile Turret  
  52  5:49  SCV x2, Orbital Command  
  54  5:50  Missile Turret  
  54  5:54  Hi-Sec Auto Tracking  
  54  6:01  SCV  
  54  6:04  SCV  
  55  6:05  Viking  
  55  6:09  Refinery  
  55  6:10  Orbital Command  
  55  6:11  Refinery  
  57  6:13  SCV  
  60  6:18  Hellion  
  60  6:19  Hellion x3  
  60  6:20  Viking  
  60  6:21  Hellion  
  60  6:24  SCV  
  71  6:26  SCV  
  67  6:36  SCV  
  67  6:38  SCV  
  69  6:43  Missile Turret  
  69  6:45  Siege Tank  
  69  6:46  Hellion x2, SCV  
  77  6:48  Missile Turret  
  77  6:58  Supply Depot x2  
  77  7:00  Supply Depot  
  77  7:09  Armory  
  77  7:10  Armory  
  77  7:19  Viking, SCV x2  
  79  7:25  SCV  
  79  7:32  Viking, SCV x2  
  79  7:35  Siege Tank  
  79  7:36  Hellion x4  
  94  7:38  SCV  
  94  7:41  Liberator  
  94  7:43  Refinery x2  
  94  7:44  SCV  
  96  7:48  Missile Turret  
  96  7:52  SCV x2  
  101  8:08  Terran Vehicle Weapons Level 1, Supply Depot  
  101  8:09  Supply Depot  
  101  8:10  Terran Vehicle And Ship Armor Level 1  
  101  8:11  Liberator  
  101  8:22  Supply Depot  
  101  8:24  Supply Depot x2  
  101  8:28  Hellion, SCV x2  
  101  8:30  Hellion  
  108  8:34  Orbital Command  
  108  8:36  Siege Tank  
  108  8:37  Hellion x2  
  108  8:40  SCV  
  102  8:50  Hellion  
  102  8:52  Hellion  
  96  9:04  Orbital Command  
  96  9:07  SCV x2  
  96  9:09  Siege Tank  
  99  9:12  Hellion x2  
  103  9:19  SCV  
  102  9:25  SCV  
  102  9:30  SCV  
  102  9:31  SCV  
  105  9:38  Viking x2, SCV  
  106  9:41  Siege Tank  
  106  9:42  SCV  
  106  9:43  SCV  
  107  9:56  Hellion  
  107  9:57  Hellion  
  107  9:58  Hellion x2, SCV  
  107  9:59  SCV x2  
  97  10:04  Terran Vehicle Weapons Level 2  
  97  10:08  Viking x2  
  97  10:12  Factory x2  
  97  10:13  Siege Tank  
  104  10:20  SCV  
  104  10:21  SCV  
  106  10:27  SCV  
  107  10:33  SCV  
  108  10:42  Viking x2  
  92  10:44  Hellion x2  
  92  10:45  Siege Tank  
  92  10:46  Hellion x2  
  91  10:52  SCV x2  
  91  10:56  SCV  
  94  10:58  Factory Tech Lab x2  
  94  10:59  Terran Vehicle And Ship Armor Level 2  
  94  11:09  Hellion  
  94  11:10  Hellion x2, Command Center  
  100  11:17  Siege Tank  
  103  11:19  Viking x2  
  90  11:38  SCV x2  
  89  11:45  Missile Turret, SCV  
  89  11:46  Missile Turret, Siege Tank  
  93  11:47  Siege Tank  
  93  11:49  Viking x2  
  93  11:50  SCV  
  93  12:01  Siege Tank, Hellion  
  91  12:02  Hellion  
  95  12:19  Viking  
  97  12:29  SCV  
  98  12:33  Siege Tank x2  
  98  12:34  Terran Vehicle Weapons Level 3, Siege Tank  
  107  12:37  Orbital Command  
  103  12:53  SCV  
  104  13:03  SCV x2  
  106  13:07  Sensor Tower  
  106  13:10  Siege Tank  
  106  13:11  SCV  
  110  13:15  SCV x2  
  112  13:23  Hellion x3, SCV  
  112  13:24  Hellion  
  121  13:28  Missile Turret  
  121  13:30  Missile Turret x3  
  121  13:32  Missile Turret  
  121  13:37  Refinery  
  121  13:40  Hellion x2  
  125  13:42  Terran Vehicle And Ship Armor Level 3  
  125  13:54  Thor  
  129  14:09  Thor  
  129  14:12  Viking x2  
  139  14:27  Siege Tank  
  139  14:28  Hellion x3, Starport  
  148  14:37  Planetary Fortress  
  148  15:01  Supply Depot x2  
  144  15:09  Hellion x2  
  144  15:10  SCV x2  
  144  15:11  Viking  
  144  15:14  Siege Tank x2, Hellion, SCV  
  140  15:19  Siege Tank  
  140  15:20  Hellion  
  140  15:24  SCV  
  140  15:25  Starport Reactor  
  140  15:26  SCV  
  142  15:30  Widow Mine  
  142  15:31  Hellion  
  142  15:34  SCV  
  142  15:35  Hellion  
  144  15:36  Refinery  
  144  15:37  Refinery  
  144  15:41  Hellion  
  146  15:53  SCV  
  147  15:57  Sensor Tower  
  147  15:59  Sensor Tower  
  147  16:01  Terran Ship Weapons Level 1  
  147  16:07  Supply Depot  
  147  16:08  Supply Depot  
  147  16:09  Supply Depot  
  147  16:16  Siege Tank  
  147  16:18  Siege Tank  
  153  16:20  Missile Turret  
  153  16:32  Hellion x3  
  159  16:33  Viking x2  
  159  16:34  Orbital Command  
  163  16:42  Viking  
  163  16:43  Viking  
  167  16:55  Liberator  
  161  17:04  Thor  
  161  17:05  Viking x2  
  172  17:25  Command Center  
  172  17:38  SCV x2  
  172  17:39  SCV x2  
  176  17:46  Hellion  
  176  17:50  SCV  
  176  17:51  SCV x2  
  175  17:54  Refinery, Viking  
  175  17:55  Viking  
  155  17:58  Refinery  
  155  18:02  Hellion x2  
  155  18:03  Hellion  
  127  18:13  SCV x4  
  130  18:25  SCV x2  
  130  18:26  SCV x2  
  125  18:37  Viking  
  125  18:38  Viking x3  
  133  18:50  Liberator  
  133  18:57  Refinery  
  133  18:59  Sensor Tower  
  125  19:05  Thor x2  
  125  19:09  Hellion x2  
  144  19:16  Hellion x2  
  145  19:24  Thor  
  145  19:25  Viking x2  
  145  19:26  Viking  
  157  19:32  Missile Turret  
  157  19:33  Missile Turret  
  157  19:35  Missile Turret  
  157  19:38  Missile Turret, Orbital Command  
  157  19:40  SCV x2  
  159  19:48  SCV  
  159  19:50  Viking  
  160  20:07  Viking x3  
Tags
 
Add a new tag
Caveats
  • Supply blocks, unpowered buildings, or Contaminate may cause inaccurate times.
  • Supply counts are checked every 10 seconds.